 Dungeon Crawl Stone Soup version 0.25-a0-310-g60f0ac2 (webtiles) character file.

Game seed: 2002697458009007187, levelgen mode: deterministic

163 15 the Gusty (level 5, -18/42 HPs)
             Began as a Tengu Air Elementalist on Dec 23, 2019.
             Demolished by an ogre
             ... wielding a +0 giant spiked club
              (19 damage)
             ... on level 4 of the Dungeon.
             The game lasted 00:14:25 (2783 turns).

15 the Gusty (Tengu Air Elementalist)               Turns: 2783, Time: 00:14:25

Health: -18/42     AC: 22    Str:  9    XL:     5   Next: 44%
Magic:  9/9        EV:  2    Int: 16    God:
Gold:   255        SH:  0    Dex: 19    Spells: 3/9 levels left

rFire    . . .     SeeInvis .   j - +2 dagger (flame)
rCold    . . .     Gourm    .   (no shield)
rNeg     + + +     Faith    .   (armour currently unavailable)
rPois    +         Spirit   .   (helmet currently unavailable)
rElec    .         Reflect  .   (cloak currently unavailable)
rCorr    .         Harm     .   (gloves currently unavailable)
MR       .....     NoTele   +   (boots unavailable)
Stlth    +++.......             (no amulet)
HPRegen  0.14/turn              f - -2 ring of evasion (curse)
MPRegen  0.11/turn              g - -5 ring of evasion (curse)

@: agile, tree-form
A: able to fly
a: Stop Flying


You were on level 4 of the Dungeon.
You were not hungry.
You were a tree.
You visited 1 branch of the dungeon, and saw 4 of its levels.

You collected 255 gold pieces.

Inventory:

Hand Weapons
 j - a +2 dagger of flaming (weapon)
Armour
 a - a +0 robe (melded)
 k - a +0 cloak (melded)
Jewellery
 f - a cursed -2 ring of evasion (left branch)
 g - a cursed -5 ring of evasion (right branch)
Wands
 p - a wand of flame (11)
Scrolls
 i - a scroll of remove curse {unknown}
 n - a scroll of teleportation {unknown}
 o - a scroll of enchant armour {unknown}
 q - a scroll of identify {unknown}
 r - a scroll of fog {unknown}
Potions
 d - a potion of brilliance {unknown}
 h - a potion of might {unknown}
 m - 2 potions of curing
Comestibles
 c - 6 rations
 l - a chunk of flesh


   Skills:
 + Level 0.7 Fighting
 + Level 0.4 Short Blades
 * Level 1.6 Armour
 * Level 2.3 Dodging
 + Level 2.3 Stealth
 + Level 2.5 Spellcasting
 * Level 3.9 Conjurations
 + Level 5.2 Air Magic


You had 3 spell levels left.
You knew the following spells:

 Your Spells              Type           Power        Failure   Level  Hunger
a - Shock                 Conj/Air       ###.         3%          1    #......
b - Swiftness             Chrm/Air       ##......     10%         2    ##.....
c - Static Discharge      Conj/Air       ###.....     9%          3    ###....

Your spell library contained the following spells:

 Spells                   Type           Power        Failure   Level  Hunger
 Airstrike                Air            ###.......   22%         4    #####..
 Lightning Bolt           Conj/Air       ###.......   63%         5    ######.


Dungeon Overview and Level Annotations

Branches:
Dungeon (4/15)
 Temple: D:4-7

Altars:
Ashenzari


Innate Abilities, Weirdness & Mutations

((You have a beak for a mouth.))
((You have claws for feet.))
You can fly continuously.


Message History

3 orcs come into view.
The ogre shouts!
The orc shouts! x4
You hit the orc. You burn the orc.
You kill the orc!
You feel agile all of a sudden.
The ogre hits you with a +0 giant spiked club!
It was a potion of lignification.
You turn into a tree.
Your +0 cloak melds into your body.
Your +0 robe melds into your body.
Your roots penetrate the ground.
You hit the ogre. You burn the ogre.
The ogre is lightly wounded.
The ogre hits you with a +0 giant spiked club!
You hit the ogre. You burn the ogre.
The ogre is moderately wounded.
The ogre hits you with a +0 giant spiked club!
* * * LOW HITPOINT WARNING * * *
You closely miss the ogre.
The ogre is moderately wounded.
The ogre hits you with a +0 giant spiked club!!
You die...

#.##.#########
##<##.#
#.....#
#.#.#.#
#.#.#.#
#.#...#
#.##..#
#.....#
###♣#.#
...oooO.#..#
.########..#
... ..## ...
(..


You could see an ogre and 3 orcs.

Vanquished Creatures
  Crazy Yiuf (D:2)
  Jessica (D:2)
  An orc wizard (D:3)
  An adder (D:2)
  An ooze (D:3)
  2 worms (D:2)
  A dart slug (D:2)
  2 leopard geckos
  5 orcs
  4 giant cockroaches
  8 hobgoblins
  3 jackals
  7 kobolds
  A quokka (D:3)
  7 bats
  4 frilled lizards
  3 goblins
  8 rats
60 creatures vanquished.

Notes
Turn   | Place    | Note
-------+----------+-------------------------------------------
     0 | D:1      | 15 the Tengu Air Elementalist began the quest for the Orb.
     0 | D:1      | Reached XP level 1. HP: 10/10 MP: 4/4
   166 | D:1      | Reached XP level 2. HP: 15/15 MP: 4/6
   170 | D:1      | Learned a level 2 spell: Swiftness
   933 | D:2      | Reached XP level 3. HP: 13/19 MP: 2/7
   938 | D:2      | Learned a level 3 spell: Static Discharge
  1268 | D:2      | Found a shattered altar of Ashenzari.
  1291 | D:2      | Noticed Jessica
  1293 | D:2      | Killed Jessica
  1293 | D:2      | Reached skill level 1 in Armour
  1293 | D:2      | Reached XP level 4. HP: 17/24 MP: 8/8
  1348 | D:2      | Reached skill level 5 in Air Magic
  1474 | D:2      | Found a runed translucent door.
  1475 | D:2      | Noticed Crazy Yiuf
  1483 | D:2      | Killed Crazy Yiuf
  2146 | D:3      | Gained mutation: You can fly continuously. [Tengu growth]
  2146 | D:3      | Reached XP level 5. HP: 28/28 MP: 6/9
  2776 | D:4      | Noticed an ogre
  2782 | D:4      | HP: 1/42 [ogre/+0 giant spiked club (14)]
  2783 | D:4      | Demolished by an ogre

Levels and vault maps discovered:
D:1:      dpeg_arrival_arbitrary_b, layout_basic
D:2:      layout_loops_ring, evilmike_ruin_ashenzari, uniq_jessica,
          uniq_crazy_yiuf_cottage
D:3:      layout_loops_ring
D:4:      layout_basic, first_ration, nicolae_dithmenos_through_a_glass_darkly

Skill      XL: |  1  2  3  4 |
---------------+-------------+-----
Conjurations   | 2 3 |  3.9
Armour         | 1 |  1.6
Air Magic      | 5 |  5.2
Fighting       | |  0.7
Short Blades   | |  0.4
Dodging        | |  2.3
Stealth        | |  2.3
Spellcasting   | |  2.5

Action                   |  1- 3 |  4- 6 || total
-------------------------+-------+-------++-------
Melee: Dagger            |    29 |    45 ||    74
       Kick              |     5 |     3 ||     8
       Short sword       |     1 |       ||     1
       Peck              |     2 |     2 ||     4
 Cast: Shock             |    37 |    39 ||    76
       Swiftness         |     1 |       ||     1
       Static Discharge  |       |     1 ||     1
 Abil: Fly               |       |     1 ||     1
  Use: Potion            |     1 |     3 ||     4
       Scroll            |       |     1 ||     1
 Stab: Sleeping          |     4 |     4 ||     8
  Eat: Chunk             |     2 |     5 ||     7
Armor: Robe              |    10 |     3 ||    13
Dodge: Dodged            |    10 |    13 ||    23

Table legend:
 A = Non-vault XP
 B = Vault XP
 C = Vault XP percentage of total XP
 D = Non-vault monster count
 E = Vault monster count
 F = Vault count percentage of total count
                 A         B        C        D         E       F
            +---------+---------+-------+---------+---------+-------
      Total |     159 |      74 |  31.8 |      58 |       2 |   3.3
            +---------+---------+-------+---------+---------+-------
        D:1 |      25 |       0 |   0.0 |      17 |       0 |   0.0
        D:2 |      64 |      74 |  53.6 |      26 |       2 |   7.1
        D:3 |      67 |       0 |   0.0 |      14 |       0 |   0.0
        D:4 |       3 |       0 |   0.0 |       1 |       0 |   0.0
            +---------+---------+-------+---------+---------+-------
